| TOP OF THE 1ST |
|
Idaho Falls Spuds batting - Pitching for Fargo Brewmasters : RHP Alex Maldonado
|
|
Pitching: RHP Alex Maldonado
|
|
|
Batting: RHB Ken Williams
|
0-0: Called Strike 0-1: Fly out, F7 (Flyball, 7, EV 80.0 MPH)
|
|
Batting: RHB Gregory Key
|
0-0: Ball 1-0: Foul Ball, location: 2F 1-1: Ball 2-1: Swinging Strike 2-2: Foul Ball, location: 2F 2-2: Strikes out swinging
|
|
Batting: LHB Darcy Walker
|
0-0: Called Strike 0-1: Ball 1-1: Ball 2-1: Ball 3-1: SOLO HOME RUN (Flyball, 9D, EV 96.3 MPH), Distance : 376 ft
|
|
Batting: RHB Billie Merrifield
|
0-0: Ball 1-0: Called Strike 1-1: Ball 2-1: Foul Ball, location: 2F 2-2: Ball 3-2: Ground out 6-3 (Groundball, 6, EV 84.4 MPH)
|
| Top of the 1st over - 1 run, 1 hit, 0 errors, 0 left on base; Idaho Falls 1 - Fargo 0 |
| BOTTOM OF THE 1ST |
|
Fargo Brewmasters batting - Pitching for Idaho Falls Spuds : RHP Kevin Davis
|
|
Pitching: RHP Kevin Davis
|
|
|
Batting: SHB Angel Escobar
|
0-0: Foul Ball, location: 2F 0-1: Ball 1-1: Foul Ball, location: 2F 1-2: Ball 2-2: Foul Ball, location: 2F 2-2: Fly out, F6 (Popup, 6M, EV 75.6 MPH)
|
|
Batting: LHB Victor Fernandez
|
0-0: Ball 1-0: Called Strike 1-1: Foul Ball, location: 2F 1-2: SINGLE (Groundball, 34D, EV 102.5 MPH)
|
|
Batting: RHB Forace Oxendine
|
0-0: Ball 1-0: Swinging Strike 1-1: Ball 2-1: Foul Ball, location: 2F 2-2: Foul Ball, location: 2F 2-2: Grounds into double play, 4-6-3 (Groundball, 4, EV 103.1 MPH)
|
| Bottom of the 1st over - 0 runs, 1 hit, 0 errors, 0 left on base; Idaho Falls 1 - Fargo 0 |
| TOP OF THE 2ND |
|
Idaho Falls Spuds batting - Pitching for Fargo Brewmasters : RHP Alex Maldonado
|
|
Batting: RHB Tony Porras
|
0-0: Called Strike 0-1: Foul Ball, location: 2F 0-2: Ball 1-2: Strikes out swinging
|
|
Batting: RHB Brian Dorsett
|
0-0: Ball 1-0: Ball 2-0: Ball 3-0: Base on Balls
|
|
Batting: LHB Jeffrey Greene
|
0-0: Called Strike 0-1: Foul Ball, location: 2F 0-2: Foul Ball, location: 2F 0-2: Strikes out swinging
|
|
Batting: RHB Juan Barajas
|
0-0: Ball 1-0: Called Strike 1-1: Foul Ball, location: 2F 1-2: Foul Ball, location: 2F 1-2: Ground out U3 (Groundball, 34, EV 77.5 MPH)
|
| Top of the 2nd over - 0 runs, 0 hits, 0 errors, 1 left on base; Idaho Falls 1 - Fargo 0 |
| BOTTOM OF THE 2ND |
|
Fargo Brewmasters batting - Pitching for Idaho Falls Spuds : RHP Kevin Davis
|
|
Batting: RHB Dick E Scott
|
0-0: Called Strike 0-1: Foul Ball, location: 2F 0-2: Ball 1-2: Ball 2-2: Foul Ball, location: 2F 2-2: Foul Ball, location: 2F 2-2: Foul Ball, location: 2F 2-2: Ground out 5-3 (Groundball, 56, EV 96.3 MPH)
|
|
Batting: RHB Gus Polidor
|
0-0: Called Strike 0-1: Foul Ball, location: 2F 0-2: Foul Ball, location: 2F 0-2: Foul Ball, location: 2F 0-2: Ball 1-2: Ball 2-2: Foul Ball, location: 2F 2-2: Fly out, F9 (Line Drive, 9, EV 89.4 MPH)
|
|
Batting: RHB Juan Picart
|
0-0: Ball 1-0: SINGLE (Groundball, 34D, EV 95.0 MPH)
|
|
Batting: SHB Elton Hooker
|
0-0: Ball 1-0: Ball 2-0: Ball 3-0: Called Strike 3-1: Called Strike 3-2: Base on Balls Juan Picart to second
|
|
Batting: RHB Adolph Crump
|
0-0: Called Strike 0-1: Ball 1-1: Ball 2-1: Fly out, F9 (Flyball, 9LM, EV 91.3 MPH)
|
| Bottom of the 2nd over - 0 runs, 1 hit, 0 errors, 2 left on base; Idaho Falls 1 - Fargo 0 |
| TOP OF THE 3RD |
|
Idaho Falls Spuds batting - Pitching for Fargo Brewmasters : RHP Alex Maldonado
|
|
Batting: RHB Jose Mateo
|
0-0: Ball 1-0: Ground out 6-3 (Groundball, 6, EV 90.6 MPH)
|
|
Batting: RHB Ken Williams
|
0-0: Foul Ball, location: 2F 0-1: Fly out, F8 (Flyball, 78D, EV 81.9 MPH)
|
|
Batting: RHB Gregory Key
|
0-0: Ball 1-0: Called Strike 1-1: Ball 2-1: Ground out 6-3 (Groundball, 6, EV 78.8 MPH)
|
| Top of the 3rd over - 0 runs, 0 hits, 0 errors, 0 left on base; Idaho Falls 1 - Fargo 0 |
| BOTTOM OF THE 3RD |
|
Fargo Brewmasters batting - Pitching for Idaho Falls Spuds : RHP Kevin Davis
|
|
Batting: RHB Randall Thorpe
|
0-0: Ball 1-0: Ground out 5-3 (Groundball, 56S, EV 84.4 MPH)
|
|
Batting: SHB Angel Escobar
|
0-0: Called Strike 0-1: Ball 1-1: Ball 2-1: Ball 3-1: Foul Ball, location: 2F 3-2: SINGLE (Groundball, 4MD, EV 108.1 MPH)
|
|
Batting: LHB Victor Fernandez
|
0-0: Ball 1-0: Ball 2-0: Foul Ball, location: 2F 2-1: Ball 3-1: Grounds into double play, 6-4-3 (Groundball, 6, EV 101.3 MPH)
|
| Bottom of the 3rd over - 0 runs, 1 hit, 0 errors, 0 left on base; Idaho Falls 1 - Fargo 0 |
| TOP OF THE 4TH |
|
Idaho Falls Spuds batting - Pitching for Fargo Brewmasters : RHP Alex Maldonado
|
|
Batting: LHB Darcy Walker
|
0-0: Foul Ball, location: 2F 0-1: Ball 1-1: Ground out 5-3 (Groundball, 56, EV 103.1 MPH)
|
|
Batting: RHB Billie Merrifield
|
0-0: SINGLE (Groundball, 56D, EV 99.4 MPH)
|
|
Batting: RHB Tony Porras
|
0-0: Called Strike 0-1: SINGLE (Groundball, 56, EV 106.9 MPH) (infield hit) Billie Merrifield to second
|
|
Batting: RHB Brian Dorsett
|
0-0: Ball 1-0: Swinging Strike 1-1: Foul Ball, location: 2F 1-2: Grounds into double play, 4-6-3 (Groundball, 4, EV 80.0 MPH)
|
| Top of the 4th over - 0 runs, 2 hits, 0 errors, 1 left on base; Idaho Falls 1 - Fargo 0 |
| BOTTOM OF THE 4TH |
|
Fargo Brewmasters batting - Pitching for Idaho Falls Spuds : RHP Kevin Davis
|
|
Batting: RHB Forace Oxendine
|
0-0: Foul Ball, location: 2F 0-1: Ground out 6-3 (Groundball, 6, EV 86.9 MPH)
|
|
Batting: RHB Dick E Scott
|
0-0: Ball 1-0: Ball 2-0: SINGLE (Line Drive, 89M, EV 91.9 MPH)
|
|
Pitching: RHP Jeffrey O'Dell
|
|
|
Batting: RHB Gus Polidor
|
0-0: Called Strike 0-1: Ball Wild Pitch! Dick E Scott to second 1-1: Ground out 1-3 (Groundball, 13S, EV 68.8 MPH) Dick E Scott to third
|
|
Batting: RHB Juan Picart
|
0-0: SINGLE (Groundball, 34D, EV 98.1 MPH) Dick E Scott scores
|
|
Batting: SHB Elton Hooker
|
0-0: Called Strike Juan Picart is caught stealing 2nd base 2-6
|
| Bottom of the 4th over - 1 run, 2 hits, 0 errors, 0 left on base; Idaho Falls 1 - Fargo 1 |
| TOP OF THE 5TH |
|
Idaho Falls Spuds batting - Pitching for Fargo Brewmasters : RHP Alex Maldonado
|
|
Batting: LHB Jeffrey Greene
|
0-0: Ball 1-0: Foul Ball, location: 2F 1-1: Ball 2-1: Foul Ball, location: 2F 2-2: Ball 3-2: Base on Balls
|
|
Batting: RHB Juan Barajas
|
0-0: Bunt missed! 0-1: Sac Bunt to 15S - play at first, batter OUT! 1-4 Jeffrey Greene to second
|
|
Batting: RHB Jose Mateo
|
0-0: Ball 1-0: Called Strike 1-1: Called Strike 1-2: Fly out, F9 (Flyball, 9D, EV 92.5 MPH) Runner from 2nd tags up, SAFE at 3rd, no throw by RF
|
|
Batting: RHB Ken Williams
|
0-0: Ball 1-0: Ground out U3 (Groundball, 3S, EV 83.1 MPH)
|
| Top of the 5th over - 0 runs, 0 hits, 0 errors, 1 left on base; Idaho Falls 1 - Fargo 1 |
| BOTTOM OF THE 5TH |
|
Fargo Brewmasters batting - Pitching for Idaho Falls Spuds : RHP Jeffrey O'Dell
|
|
Batting: SHB Elton Hooker
|
0-0: Ball 1-0: Fly out, F4 (Line Drive, 4, EV 68.8 MPH)
|
|
Batting: RHB Adolph Crump
|
0-0: Foul Ball, location: 2F 0-1: Ball 1-1: Swinging Strike 1-2: SOLO HOME RUN (Line Drive, 78XD, EV 104.4 MPH), Distance : 444 ft
|
|
Batting: RHB Randall Thorpe
|
0-0: Called Strike 0-1: Ball 1-1: Ball 2-1: Ball 3-1: Base on Balls
|
|
Batting: SHB Angel Escobar
|
0-0: Ball 1-0: Ball Randall Thorpe is caught stealing 2nd base 2-6 2-0: Called Strike 2-1: Ball 3-1: SINGLE (Groundball, 4MD, EV 102.5 MPH)
|
|
Batting: LHB Victor Fernandez
|
0-0: Ball 1-0: Called Strike Angel Escobar is caught stealing 2nd base 2-6
|
| Bottom of the 5th over - 1 run, 2 hits, 0 errors, 0 left on base; Idaho Falls 1 - Fargo 2 |
| TOP OF THE 6TH |
|
Idaho Falls Spuds batting - Pitching for Fargo Brewmasters : RHP Alex Maldonado
|
|
Batting: RHB Gregory Key
|
0-0: Called Strike 0-1: Ball 1-1: Ball 2-1: Called Strike 2-2: Ball 3-2: Fly out, F6 (Popup, 6D, EV 55.0 MPH)
|
|
Batting: LHB Darcy Walker
|
0-0: Called Strike 0-1: SINGLE (Flyball, 4MD, EV 93.8 MPH)
|
|
Batting: RHB Billie Merrifield
|
0-0: Ground out 4-3 (Groundball, 13, EV 86.9 MPH) Darcy Walker to second
|
|
Batting: RHB Tony Porras
|
0-0: Fly out, F8 (Flyball, 8RD, EV 106.9 MPH)
|
| Top of the 6th over - 0 runs, 1 hit, 0 errors, 1 left on base; Idaho Falls 1 - Fargo 2 |
| BOTTOM OF THE 6TH |
|
Fargo Brewmasters batting - Pitching for Idaho Falls Spuds : RHP Jeffrey O'Dell
|
|
Batting: LHB Victor Fernandez
|
0-0: Called Strike 0-1: Ball 1-1: Ball 2-1: Ball 3-1: Fly out, F8 (Flyball, 8RD, EV 85.0 MPH)
|
|
Batting: RHB Forace Oxendine
|
0-0: Foul Ball, location: 2F 0-1: Called Strike 0-2: Ball 1-2: Foul Ball, location: 2F 1-2: DOUBLE (Flyball, 89XD, EV 106.9 MPH)
|
|
Batting: RHB Dick E Scott
|
0-0: Called Strike 0-1: Foul Ball, location: 2F 0-2: Strikes out swinging
|
|
Batting: RHB Gus Polidor
|
0-0: Called Strike 0-1: Foul Ball, location: 2F 0-2: Ball Wild Pitch! Forace Oxendine to third 1-2: Ball 2-2: Ground out 4-3 (Groundball, 4, EV 87.5 MPH)
|
| Bottom of the 6th over - 0 runs, 1 hit, 0 errors, 1 left on base; Idaho Falls 1 - Fargo 2 |
| TOP OF THE 7TH |
|
Idaho Falls Spuds batting - Pitching for Fargo Brewmasters : RHP Alex Maldonado
|
|
Batting: RHB Brian Dorsett
|
0-0: Called Strike 0-1: Swinging Strike 0-2: Fly out, F5 (Flyball, 5D, EV 82.5 MPH)
|
|
Batting: LHB Jeffrey Greene
|
0-0: Ball 1-0: Ball 2-0: Ground out 5-3 (Groundball, 5, EV 83.8 MPH)
|
|
Batting: RHB Juan Barajas
|
0-0: Called Strike 0-1: SINGLE (Line Drive, 78S, EV 95.6 MPH)
|
|
Pinch Hitting: RHB Reginald Mosley
|
0-0: Called Strike 0-1: Ball 1-1: Swinging Strike 1-2: SINGLE (Flyball, 7S, EV 95.6 MPH) Juan Barajas to second
|
|
Pinch Hitting: LHB Tom Francis
|
0-0: Ball 1-0: Called Strike 1-1: Fly out, F9 (Line Drive, 9, EV 91.3 MPH)
|
| Top of the 7th over - 0 runs, 2 hits, 0 errors, 2 left on base; Idaho Falls 1 - Fargo 2 |
| BOTTOM OF THE 7TH |
|
Fargo Brewmasters batting - Pitching for Idaho Falls Spuds : RHP Jeffrey O'Dell
|
|
Now in LF: Tom Francis
|
|
|
Now in RF: Claude Douglas
|
|
|
Batting: RHB Juan Picart
|
0-0: Fly out, F8 (Flyball, 8LS, EV 78.1 MPH)
|
|
Batting: SHB Elton Hooker
|
0-0: Called Strike 0-1: Ball 1-1: Ball 2-1: Foul Ball, location: 2F 2-2: Foul Ball, location: 2F 2-2: Ball 3-2: SINGLE (Line Drive, 56D, EV 98.8 MPH)
|
|
Batting: RHB Adolph Crump
|
0-0: Called Strike 0-1: Swinging Strike 0-2: Fielders Choice at 2nd, 4-6 (Groundball, 4, EV 106.3 MPH)
|
|
Batting: RHB Randall Thorpe
|
0-0: Called Strike 0-1: Fly out, F9 (Flyball, 89M, EV 86.3 MPH)
|
| Bottom of the 7th over - 0 runs, 1 hit, 0 errors, 1 left on base; Idaho Falls 1 - Fargo 2 |
| TOP OF THE 8TH |
|
Idaho Falls Spuds batting - Pitching for Fargo Brewmasters : RHP Alex Maldonado
|
|
Batting: RHB Gregory Key
|
0-0: Called Strike 0-1: Ground out 5-3 (Groundball, 56, EV 90.0 MPH)
|
|
Batting: LHB Darcy Walker
|
0-0: Ball 1-0: Ball 2-0: Swinging Strike 2-1: Fly out, F4 (Popup, 4MD, EV 56.9 MPH)
|
|
Batting: RHB Billie Merrifield
|
0-0: Ball 1-0: Called Strike 1-1: Ball 2-1: Foul Ball, location: 2F 2-2: Ball 3-2: DOUBLE (Line Drive, 8LXD, EV 103.1 MPH)
|
|
Pinch Hitting: LHB Wayne King
|
0-0: Ball 1-0: Called Strike 1-1: Foul Ball, location: 2F 1-2: Ball 2-2: Ball 3-2: Base on Balls
|
|
Pinch Hitting: LHB Joel Weatherford
|
0-0: Ball 1-0: Foul Ball, location: 2F 1-1: Foul Ball, location: 2F 1-2: Foul Ball, location: 2F 1-2: Foul Ball, location: 2F 1-2: Foul Ball, location: 2F 1-2: Ball 2-2: SINGLE (Groundball, 4D, EV 97.5 MPH) Billie Merrifield to third Wayne King to second Runner from 3rd tries for Home, SAFE, throw by CF to home Wayne King to third Joel Weatherford to second
|
|
Batting: LHB Jeffrey Greene
|
0-0: Foul Ball, location: 2F 0-1: Ball 1-1: SINGLE (Groundball, 4D, EV 106.9 MPH) Wayne King scores Joel Weatherford to third Runner from 3rd tries for Home, SAFE, throw by CF to home
|
|
Pitching: LHP Allan Bauman
|
|
|
Batting: RHB Juan Barajas
|
0-0: Called Strike 0-1: Ball 1-1: Ball 2-1: Fielders Choice at 2nd, 6-4 (Groundball, 6, EV 100.6 MPH)
|
| Top of the 8th over - 3 runs, 3 hits, 0 errors, 1 left on base; Idaho Falls 4 - Fargo 2 |
| BOTTOM OF THE 8TH |
|
Fargo Brewmasters batting - Pitching for Idaho Falls Spuds : RHP Jeffrey O'Dell
|
|
Now at C: Frank Kneuer
|
|
|
Now at SS: Brian Robinson
|
|
|
Batting: SHB Angel Escobar
|
0-0: Foul Ball, location: 2F 0-1: Foul Ball, location: 2F 0-2: Foul Ball, location: 2F 0-2: Ball 1-2: Ball 2-2: Fly out, F9 (Line Drive, 9D, EV 88.8 MPH)
|
|
Batting: LHB Victor Fernandez
|
0-0: Called Strike 0-1: Ball 1-1: Fly out, F8 (Line Drive, 8LD, EV 94.4 MPH)
|
|
Pitching: RHP Shawn Barton
|
|
|
Batting: RHB Forace Oxendine
|
0-0: Ball 1-0: Called Strike 1-1: Swinging Strike 1-2: Fly out, F7 (Line Drive, 7, EV 96.3 MPH)
|
| Bottom of the 8th over - 0 runs, 0 hits, 0 errors, 0 left on base; Idaho Falls 4 - Fargo 2 |
| TOP OF THE 9TH |
|
Idaho Falls Spuds batting - Pitching for Fargo Brewmasters : LHP Allan Bauman
|
|
Pitching: LHP Pat Larkin
|
|
|
Batting: RHB Claude Douglas
|
0-0: Ball 1-0: Foul Ball, location: 2F 1-1: Ball 2-1: Ball 3-1: Base on Balls
|
|
Batting: LHB Tom Francis
|
0-0: Ball 1-0: Swinging Strike Claude Douglas is caught stealing 2nd base 2-6 1-1: Foul Ball, location: 2F 1-2: Fly out, F9 (Line Drive, 9D, EV 98.1 MPH)
|
|
Batting: RHB Gregory Key
|
0-0: Ball 1-0: Called Strike 1-1: Ball 2-1: Ball 3-1: Foul Ball, location: 2F 3-2: Base on Balls
|
|
Batting: LHB Darcy Walker
|
0-0: 2-RUN HOME RUN (Flyball, 9D, EV 114.4 MPH), Distance : 366 ft
|
|
Batting: RHB Billie Merrifield
|
0-0: Ball 1-0: Ground out 6-3 (Groundball, 6MS, EV 86.9 MPH)
|
| Top of the 9th over - 2 runs, 1 hit, 0 errors, 0 left on base; Idaho Falls 6 - Fargo 2 |
| BOTTOM OF THE 9TH |
|
Fargo Brewmasters batting - Pitching for Idaho Falls Spuds : RHP Shawn Barton
|
|
Batting: RHB Dick E Scott
|
0-0: Called Strike 0-1: Ball 1-1: Ball 2-1: Ball 3-1: Base on Balls
|
|
Batting: RHB Gus Polidor
|
0-0: Foul Ball, location: 2F 0-1: Ball 1-1: Foul Ball, location: 2F 1-2: Ball 2-2: Foul Ball, location: 2F 2-2: SINGLE (Groundball, 6MS, EV 65.6 MPH) (infield hit) Dick E Scott to second
|
|
Batting: RHB Juan Picart
|
0-0: SINGLE (Groundball, 6S, EV 72.5 MPH) (infield hit) Dick E Scott to third Gus Polidor to second
|
|
Pinch Hitting: LHB Bill Englehart
|
0-0: Ball 1-0: Called Strike 1-1: Foul Ball, location: 2F 1-2: Foul Ball, location: 2F 1-2: Foul Ball, location: 2F 1-2: Ball 2-2: DOUBLE (Groundball, 3L, EV 96.3 MPH) Dick E Scott scores Gus Polidor scores Juan Picart to third
|
|
Batting: RHB Adolph Crump
|
0-0: Foul Ball, location: 2F 0-1: Ball 1-1: Fly out, F8 (Flyball, 8LD, EV 104.4 MPH)
|
|
Batting: RHB Randall Thorpe
|
0-0: Foul Ball, location: 2F 0-1: Ball 1-1: Foul Ball, location: 2F 1-2: Ball 2-2: Fly out, F8 (Flyball, 8LS, EV 88.1 MPH)
|
|
Batting: SHB Angel Escobar
|
0-0: Called Strike 0-1: Foul Ball, location: 2F 0-2: Ball 1-2: Ball 2-2: Ball 3-2: Base on Balls
|
|
Batting: LHB Victor Fernandez
|
0-0: Fly out, F7 (Line Drive, 7, EV 101.9 MPH)
|
| Bottom of the 9th over - 2 runs, 3 hits, 0 errors, 3 left on base; Idaho Falls 6 - Fargo 4 |
|